 Dungeon Crawl Stone Soup version 0.26.1-11-gd32895ea62 (webtiles) character file.

Game seed: 9917361529902911711

27587 MajorAdolf the Thaumaturge (level 13, -4/109 HPs)
             Began as a Naga Wanderer on July 23, 2021.
             Was an Elder of Ashenzari.
             Slain by a catoblepas (19 damage)
             ... on level 3 of the Lair of Beasts.
             The game lasted 00:50:38 (32472 turns).

MajorAdolf the Thaumaturge (Naga Wanderer)         Turns: 32472, Time: 00:50:38

Health: -4/109     AC:  8    Str: 14    XL:     13   Next: 33%
Magic:  10/30      EV:  9    Int: 19    God:    Ashenzari [****..]
Gold:   707        SH: 15    Dex: 13    Spells: 26/38 levels left

rFire    + + .     SeeInvis +   y - staff of earth (curse)
rCold    . . .     Faith    .   v - +4 kite shield of Bipnasyeng {rF+ rN+ Int+3} (curse)
rNeg     + + .     Spirit   .   x - +2 robe {rF+} (curse)
rPois    +         Reflect  .   h - +1 hat
rElec    .         Harm     .   (no cloak)
rCorr    .         Rampage  .   (no gloves)
Will     ++...     Clarity  +   (no barding)
Stlth    +++++.....             (no amulet)
HPRegen  0.28/turn              d - ring of willpower (curse)
MPRegen  0.22/turn              b - ring of positive energy

@: studying Long Blades, very slow
A: large, see invisible, deformed body, poison resistance, slowness 2, spit
poison 1, constrict 1, AC +4
a: Spit Poison, Renounce Religion, Curse Item, Scrying


You were on level 3 of the Lair of Beasts.
You worshipped Ashenzari.
Ashenzari was greatly pleased with you.
You visited 3 branches of the dungeon, and saw 17 of its levels.
You also visited: Sewer.

You collected 1073 gold pieces.
You spent 366 gold pieces at shops.

Inventory:

Hand Weapons
 a - a +1 dagger of draining
Armour
 h - a +1 hat (worn)
 v - the cursed +4 kite shield of Bipnasyeng (worn) {rF+ rN+ Int+3}
   (You found it on level 6 of the Dungeon)

   It affects your intelligence (+3).
   It protects you from fire.
   It protects you from negative energy.
   It has a curse placed upon it.
 x - a cursed +2 robe of fire resistance (worn)
Magical Staves
 u - an uncursed staff of cold
 y - a cursed staff of earth (weapon)
Jewellery
 b - a ring of positive energy (right hand)
 d - a cursed ring of willpower (left hand)
 m - an uncursed ring of fire
 p - an uncursed amulet of the acrobat
 r - a +4 ring of protection
 w - an uncursed ring of ice
 M - a +6 ring of dexterity
Wands
 C - a wand of random effects (21)
 F - a wand of paralysis (4)
 H - a wand of enslavement (10)
 I - a wand of digging (8)
Scrolls
 i - 3 scrolls of immolation {unknown}
 j - a scroll of enchant armour {unknown}
 o - a scroll of amnesia {unknown}
 q - 12 scrolls of identify
 s - 3 scrolls of random uselessness {unknown}
 A - 3 scrolls of magic mapping {unknown}
 D - 3 scrolls of enchant weapon {unknown}
 G - a scroll of summoning {unknown}
 L - a scroll of teleportation
Potions
 c - a potion of magic
 e - 2 potions of degeneration
 f - 5 potions of haste
 g - a potion of cancellation
 k - 4 potions of curing
 l - 4 potions of heal wounds
 n - 6 potions of flight
 t - 4 potions of might
 z - a potion of berserk rage
 E - a potion of attraction
 J - 2 potions of invisibility {unknown}
Books
 B - a manual of Long Blades


   Skills:
 - Level 5.2 Fighting
 - Level 1.0 Axes
 + Level 12.5 Stealth
 - Level 7.0(9.3) Shields
 * Level 13.1 Spellcasting
 - Level 8.0 Conjurations
 + Level 4.2 Hexes
 - Level 1.0 Air Magic
 - Level 7.4 Earth Magic
 - Level 1.0(2.3) Evocations


You had 26 spell levels left.
You knew the following spells:

 Your Spells              Type           Power        Failure   Level
a - Stone Arrow           Conj/Erth      100%         1%          3
b - Summon Small Mammal   Summ           48%          5%          1
c - Cause Fear            Hex            14%          10%         4
d - Leda's Liquefaction   Hex/Erth       25%          4%          4

Your spell library contained the following spells:

 Spells                   Type           Power        Failure   Level
 Corona                   Hex            31%          1%          1
 Sandblast                Erth           100%         1%          1
 Shock                    Conj/Air       100%         1%          1
 Slow                     Hex            28%          1%          2
 Dazzling Flash           Conj/Hex       70%          1%          3
 Confusing Touch          Hex            28%          2%          3
 Static Discharge         Conj/Air       29%          2%          3
 Tukima's Dance           Hex            28%          2%          3
 Ensorcelled Hibernation  Hex/Ice        40%          3%          2
 Animate Skeleton         Necr           24%          5%          1
 Apportation              Tloc           24%          5%          1
 Swiftness                Air            16%          5%          2
 Inner Flame              Hex/Fire       20%          7%          3
 Portal Projectile        Hex/Tloc       40%          7%          3
 Lightning Bolt           Conj/Air       14%          22%         5
 Airstrike                Air            8%           34%         4


Dungeon Overview and Level Annotations

Branches:
Dungeon (12/15)            Temple (1/1) D:4            Lair (4/6) D:8
  Swamp (0/4) Lair:3          Orc (0/2) D:10          Sewer (visited)
  Snake: Lair:2-4    Spider: Lair:2-4

Altars:
Ashenzari
Cheibriados
Dithmenos
Elyvilon
Fedhas
Gozag
Hepliaklqana
Kikubaaqudgha
Makhleb
Nemelex Xobeh
Okawaru
Qazlal
Ru
Sif Muna
Trog
Uskayaw
Vehumet
Wu Jian
Xom
Yredelemnul
Zin
The Shining One
Beogh

Shops:
D:4 **   D:5 *

Annotations:
D:12 exclusions: boulder beetle and cyclops


Innate Abilities, Weirdness & Mutations

You cannot wear boots.
Your serpentine skin is tough. (AC +4)
You have supernaturally acute eyesight. (SInv)
Armour fits poorly on your strangely shaped body.
Your system is resistant to poisons. (rPois)
You cover ground very slowly.
You can spit poison.
You can use your snake-like lower body to constrict enemies.


Message History

The catoblepas gores you but does no damage.
You are engulfed in calcifying dust.
The catoblepas gores you!
* * * LOW HITPOINT WARNING * * *
You are engulfed in calcifying dust.
The catoblepas gores you.
* * * LOW HITPOINT WARNING * * *
You turn to flesh and can move again.
Aiming: Stone Arrow (safe; 1% risk of failure)
Press: ? - help, Q - select action, (/) - cycle Shift-Dir - straight line, f/p - catoblepas
Aim: a catoblepas (severely wounded, 0% to evade)
You feel a surge of power!
The stone arrow hits the catoblepas!
The catoblepas is severely wounded.
The catoblepas gores you!
* * * LOW HITPOINT WARNING * * *
Aiming: Stone Arrow (safe; 1% risk of failure)
Press: ? - help, Q - select action, (/) - cycle Shift-Dir - straight line, f/p - catoblepas
Aim: a catoblepas (severely wounded, 0% to evade)
You feel a surge of power!
The stone arrow hits the catoblepas!!
The catoblepas is almost dead.
The catoblepas gores you!!
You die...

......................ยง..........
.................................
#................................
#................................
#................................
.................................
.................................
...............Y.................
..##....##......@................
..#..#.P...##..................P#
...#.#.....##................P.P#
..######.###...................##
..## ###...............##....#
...## #P.............###....#
....# #..#......#....####..##
...## ####............^...## Y...#
#..............#P#


You could see a catoblepas.

Vanquished Creatures
  6 hydras
  A catoblepas (Lair:2)
  3 two-headed ogres
  Sonja (Lair:4)
  An unseen horror (D:9)
  3 ugly things
  Joseph (D:9)
  A black mamba (Lair:2)
  14 cane toads
  5 komodo dragons
  A troll (D:9)
  A hornet (Lair:3)
  17 yaks
  2 wyverns
  A basilisk (Lair:3)
  Grum (D:11)
  A swamp worm (Lair:3)
  A soldier ant (D:11)
  3 water moccasins
  5 ice beasts
  3 sky beasts
  8 orc warriors
  2 black bears
  A hornet zombie (D:10)
  16 wolves
  A necrophage (D:10)
  11 ogres
  A phantom (D:11)
  3 centaurs
  10 bullfrogs
  A water moccasin skeleton (D:7)
  3 scorpions
  10 killer bees
  10 wights (D:11)
  5 bullfrog zombies
  2 howler monkeys
  3 quasits
  2 centaur zombies
  4 jellies
  3 bullfrog skeletons
  11 orc priests
  6 hounds
  A centaur skeleton (D:7)
  6 iguanas
  11 worker ants
  Terence (D:2)
  Natasha (thrice) (D:2)
  4 hell rats (Lair:3)
  16 orc wizards
  A hound zombie (D:8)
  2 hound skeletons
  7 gnolls
  8 adders
  2 river rats (D:3)
  6 white imps
  A howler monkey simulacrum (D:11)
  2 worms
  3 dart slugs
  4 leopard geckos
  94 orcs
  A ball python (D:3)
  10 bats
  12 giant cockroaches
  2 gnoll zombies (D:4)
  5 goblins
  9 hobgoblins
  28 jackals
  3 quokkas
  9 frilled lizards
  11 kobolds
  2 quokka skeletons
  10 rats
459 creatures vanquished.

Vanquished Creatures (others)
  An orc (D:7)
  25 fungi
  37 plants
63 creatures vanquished.

Grand Total: 522 creatures vanquished

Notes
Turn   | Place    | Note
-------+----------+-------------------------------------------
     0 | D:1      | MajorAdolf the Naga Wanderer began the quest for the Orb.
     0 | D:1      | MajorAdolf set off with the following items: a +0 club, a
                  | scroll of teleportation, a +0 robe; and the following
                  | spells available to memorise: Shock, Sandblast, Swiftness,
                  | Static Discharge, Stone Arrow, Airstrike, Lightning Bolt
     0 | D:1      | Reached XP level 1. HP: 22/22 MP: 1/1
   106 | D:1      | Noticed a demigod
   107 | D:1      | Noticed a felid
   109 | D:1      | Noticed a ghoul
   109 | D:1      | Noticed an elf
   111 | D:1      | Noticed a vine stalker
   111 | D:1      | Noticed a gargoyle
   113 | D:1      | Noticed an ogre
   113 | D:1      | Noticed a spriggan
   115 | D:1      | Noticed a troll
   115 | D:1      | Noticed a human
   117 | D:1      | Noticed a merfolk
   117 | D:1      | Noticed a halfling
   119 | D:1      | Noticed a vampire
   119 | D:1      | Noticed a demonspawn
   121 | D:1      | Noticed a centaur
   121 | D:1      | Noticed an octopode
   123 | D:1      | Noticed a naga
   125 | D:1      | Noticed a minotaur
   127 | D:1      | Noticed a tengu
   127 | D:1      | Noticed a draconian
   129 | D:1      | Noticed a dwarf
   129 | D:1      | Noticed a formicid
   797 | D:1      | Reached XP level 2. HP: 30/30 MP: 2/2
  1049 | D:1      | Reached skill level 1 in Spellcasting
  1316 | D:1      | Reached XP level 3. HP: 36/36 MP: 4/4
  1320 | D:1      | Learned a level 3 spell: Stone Arrow
  2140 | D:2      | Found a hazy altar of Hepliaklqana.
  2190 | D:2      | Noticed Natasha
  2199 | D:2      | Killed Natasha
  2200 | D:2      | Reached skill level 1 in Earth Magic
  2200 | D:2      | Reached XP level 4. HP: 30/45 MP: 4/6
  2397 | D:2      | Found a snail-covered altar of Cheibriados.
  2458 | D:2      | Found a blossoming altar of Fedhas.
  2458 | D:2      | Found an ancient bone altar of Kikubaaqudgha.
  2463 | D:2      | Found a bloodstained altar of Trog.
  2517 | D:2      | Noticed Terence
  2541 | D:2      | Killed Terence
  2833 | D:2      | Noticed Natasha
  2847 | D:2      | Killed Natasha
  2848 | D:2      | Reached XP level 5. HP: 39/51 MP: 7/7
  2987 | D:2      | Reached skill level 2 in Spellcasting
  3159 | D:2      | Noticed Natasha
  3172 | D:2      | Killed Natasha
  3783 | D:3      | Found a glowing drain.
  3819 | Sewer    | Entered a sewer
  3970 | Sewer    | Noticed a water moccasin
  3985 | Sewer    | Killed a water moccasin
  3986 | Sewer    | Reached skill level 5 in Fighting
  3986 | Sewer    | Reached XP level 6. HP: 40/61 MP: 8/10
  4516 | D:3      | Learned a level 1 spell: Summon Small Mammal
  4955 | D:3      | Found a bloodstained altar of Trog.
  5041 | D:3      | You fall into a shaft and drop 1 floor!
  5225 | D:4      | Reached skill level 3 in Spellcasting
  5225 | D:4      | Reached XP level 7. HP: 57/67 MP: 1/11
  5854 | D:4      | Found Lidgha's Elemental Accessories.
  6102 | D:4      | Found a basalt altar of Yredelemnul.
  6147 | D:4      | Found Zairaeva's Assorted Antiques.
  6149 | D:4      | Found a staircase to the Ecumenical Temple.
  6292 | D:4      | Reached skill level 4 in Spellcasting
  6968 | D:5      | Entered Level 5 of the Dungeon
  7195 | D:5      | Reached XP level 8. HP: 68/74 MP: 4/15
  7555 | D:5      | Reached skill level 5 in Conjurations
  7649 | D:5      | Reached skill level 5 in Spellcasting
  7821 | D:5      | Found a white marble altar of Elyvilon.
  8195 | D:5      | Found Patolun's Assorted Antiques.
  9290 | D:6      | Found a shadowy altar of Dithmenos.
  9293 | D:6      | Reached skill level 6 in Spellcasting
  9693 | D:6      | Reached skill level 5 in Earth Magic
  9771 | D:6      | Reached XP level 9. HP: 44/81 MP: 4/18
 10004 | D:6      | Got a faintly humming kite shield
 10704 | D:7      | Reached skill level 1 in Shields
 11053 | D:7      | Reached skill level 7 in Spellcasting
 11392 | D:7      | Identified the +4 kite shield of Bipnasyeng {rF+ rN+ Int+3}
                  | (You found it on level 6 of the Dungeon)
 11635 | D:7      | Found a stormy altar of Qazlal.
 11684 | D:7      | Found a hide-covered altar of Uskayaw.
 12946 | D:4      | Bought an uncursed staff of earth for 300 gold pieces
 12985 | Temple   | Entered the Ecumenical Temple
 13218 | Temple   | Became a worshipper of Ashenzari the Shackled
 13973 | D:8      | Found a staircase to the Lair.
 14757 | D:8      | Found a roughly hewn altar of Beogh.
 14768 | D:8      | Reached XP level 10. HP: 74/88 MP: 0/21
 15708 | D:8      | Reached skill level 8 in Spellcasting
 16187 | D:4      | Bought a scroll of remove curse for 66 gold pieces
 16291 | Lair:1   | Entered Level 1 of the Lair of Beasts
 16305 | Lair:1   | Noticed a cane toad
 16420 | D:9      | Noticed a two-headed ogre
 16426 | D:8      | Killed a two-headed ogre
 16794 | D:9      | Found a sparkling altar of Nemelex Xobeh.
 17233 | D:9      | Reached * piety under Ashenzari
 17345 | D:9      | Reached skill level 5 in Shields
 17788 | D:9      | Noticed Joseph
 17793 | D:9      | Killed Joseph
 17976 | D:9      | Found an opulent altar of Gozag.
 18028 | D:9      | Reached skill level 9 in Spellcasting
 18098 | D:9      | Noticed an unseen horror
 18102 | D:9      | Killed an unseen horror
 18103 | D:9      | Reached XP level 11. HP: 80/96 MP: 11/24
 18541 | D:9      | Found an iron altar of Okawaru.
 18901 | D:10     | Entered Level 10 of the Dungeon
 19517 | D:10     | Noticed a two-headed ogre
 19532 | D:10     | Killed a two-headed ogre
 19533 | D:10     | Reached skill level 5 in Stealth
 20484 | D:10     | Found a roughly hewn altar of Beogh.
 20650 | D:10     | Identified the cursed +1 dire flail of Zuumim {flame, rC+
                  | Str+4 Int+3}
 20703 | D:10     | Found a staircase to the Orcish Mines.
 22576 | D:11     | Reached ** piety under Ashenzari
 23117 | D:11     | Noticed a four-headed hydra
 23134 | D:11     | Killed a four-headed hydra
 23135 | D:11     | Reached skill level 10 in Spellcasting
 23306 | D:11     | Noticed a brown ugly thing
 23324 | D:11     | Killed a brown ugly thing
 23510 | D:11     | Noticed Grum
 23521 | D:11     | Killed Grum
 24248 | D:11     | Noticed a purple ugly thing
 24253 | D:11     | Killed a purple ugly thing
 24681 | D:12     | Found the +9 sword of Zonguldrok {reap}
 25139 | D:12     | Noticed a two-headed ogre
 25146 | D:12     | Killed a two-headed ogre
 25147 | D:12     | Reached XP level 12. HP: 103/103 MP: 13/26
 25285 | D:12     | Found a hazy altar of Hepliaklqana.
 25338 | D:12     | Reached skill level 11 in Spellcasting
 25464 | D:12     | Reached *** piety under Ashenzari
 25481 | D:12     | Noticed a boulder beetle
 25872 | Lair:1   | HP: 5/103 [wolf (10)]
 26618 | Lair:1   | Noticed a four-headed hydra
 26679 | Lair:1   | Killed a four-headed hydra
 26831 | Lair:1   | Reached skill level 10 in Stealth
 28441 | Lair:2   | Reached skill level 12 in Spellcasting
 28596 | Lair:2   | Learned a level 4 spell: Cause Fear
 28628 | Lair:2   | Noticed a seven-headed hydra
 28634 | Lair:2   | Killed a seven-headed hydra
 28738 | Lair:2   | Reached skill level 1 in Hexes
 29478 | Lair:2   | Learned a level 4 spell: Leda's Liquefaction
 29623 | Lair:3   | Noticed a catoblepas
 29636 | Lair:2   | Killed a catoblepas
 29994 | Lair:3   | Noticed a five-headed hydra
 30007 | Lair:3   | Killed a five-headed hydra
 30008 | Lair:3   | Gained mutation: You can use your snake-like lower body to
                  | constrict enemies. [Naga growth]
 30008 | Lair:3   | Reached XP level 13. HP: 103/109 MP: 0/29
 30187 | Lair:3   | Reached **** piety under Ashenzari
 31292 | Lair:3   | Reached skill level 13 in Spellcasting
 31519 | Lair:3   | Found a staircase to the Swamp.
 31588 | Lair:4   | Noticed Sonja
 31593 | Lair:4   | Killed Sonja
 32472 | Lair:3   | Slain by a catoblepas

Illustrated notes

Levels and vault maps discovered:
D:1:      kb_arrival_jail, layout_basic
D:2:      layout_basic, cheibriados_altar_1, bloody_trog,
          overflow_temple_1_default, grunt_temple_overflow_growth_and_decay,
          minmay_misc_feat_hallway, patterned_corridor, uniq_terence,
          uniq_natasha
D:3:      minmay_evil_eye, layout_loops_cross, portal_sewer_entry_c,
          trog_butcher_becter
D:4:      layout_cave_pods, lemuel_zombie_altar_yredelemnul,
          minmay_temple_entry_butterflies, serial_shops, shop, dk_vineyard_1,
          nicolae_elemental_shop
D:5:      layout_loops_corners, nicolae_overflow_crystal_walls, serial_shops,
          shop
D:6:      layout_gridville, grunt_dithmenos_smoke
D:7:      layout_gridville, lemuel_crystal_altar, grunt_qazlal_clouds
D:8:      layout_basic, dpeg_oklobed_lair, special_room [special_room_orc],
          minmay_manual_monstrance
D:9:      layout_cave_pods, nemelex_xobeh_ov_fountains_minmay,
          nicolae_overflow_hidden_temple, lemuel_crystal_altar, uniq_joseph
D:10:     layout_roguey [special_room_orc], hiddenorc1_lemuel, serial_bayou,
          serial_bayou_pond_e, serial_bayou_ford_a, serial_bayou_pond_e,
          serial_bayou_pond_d
D:11:     layout_stronghold, serial_ice, serial_ice_d, serial_ice_f,
          serial_ice_h, serial_ice_n, uniq_grum
D:12:     layout_big_octagon, basic_altar, nicolae_sextant, grunt_ogre_cave
Temple:   jpeg_temple_island
Lair:1:   layout_regular_city, beast_lair_carwin_1, grunt_megastairs_3,
          lemuel_fruit_tree, infiniplex_staircase_pool_2
Lair:2:   layout_cave_pods, serial_bayou_shore_b
Lair:3:   layout_hall_layers, palyth_hydra_swamp_entry
Lair:4:   layout_regular_city, spider_nest_entry_webs, uniq_sonja

Skill      XL: |  1  2  3  4  5  6  7  8  9 10 11 12 13 |
---------------+----------------------------------------+-----
Spellcasting   | 1 2 3 4 6 7 9 10 12 13 | 13.1
Earth Magic    | 1 2 3 4 5 6 7 |  7.4
Conjurations   | 3 4 6 7 8 |  8.0
Fighting       | 5 |  5.2
Shields        | 3 5 6 7 |  7.0
Stealth        | 4 8 11 12 | 12.5
Hexes          | 2 4 |  4.2
Axes           | |  1.0
Air Magic      | |  1.0
Evocations     | |  1.0

Action                   |  1- 3 |  4- 6 |  7- 9 | 10-12 | 13-15 || total
-------------------------+-------+-------+-------+-------+-------++-------
Melee: Club              |    11 |       |       |       |       ||    11
       Short sword       |     4 |       |       |       |       ||     4
       Dagger            |    75 |   246 |   149 |       |       ||   470
       Staff             |       |       |     4 |   338 |     1 ||   343
       Constrict         |       |       |       |       |     1 ||     1
 Cast: Stone Arrow       |       |     2 |   180 |   456 |    83 ||   721
       Leda's Liquefacti |       |       |       |     4 |     7 ||    11
       Cause Fear        |       |       |       |       |     5 ||     5
Invok: Curse Item        |       |       |       |     4 |       ||     4
 Abil: Spit Poison       |    24 |    10 |    16 |     6 |     2 ||    58
Evoke: Wand              |       |       |       |     1 |       ||     1
  Use: Scroll            |       |     6 |     1 |    11 |     1 ||    19
       Potion            |       |       |       |     5 |     2 ||     7
 Stab: Sleeping          |       |     2 |     2 |       |       ||     4
Armor: Robe              |    32 |    66 |    54 |   108 |     7 ||   267
       Skin              |       |       |       |    22 |       ||    22
Dodge: Dodged            |    39 |   114 |   103 |   124 |    10 ||   390
Block: Kite shield       |       |       |    30 |   415 |    26 ||   471
